 Dungeon Crawl Stone Soup version 0.27.0-1-g7a089689b8 (webtiles) character file.

Game seed: 3049732846042994140

0 thirtiethelement the Skirmisher (level 1, -6/18 HPs)
             Began as a Demonspawn Abyssal Knight on Aug 11, 2021.
             Was a Follower of Lugonu.
             Killed from afar by a will-o-the-wisp (24 damage)
             ... with a foxfire
             ... on level 1 of the Abyss.
             The game lasted 00:00:58 (102 turns).

thirtiethelement the Skirmisher (DsAK)               Turns: 102, Time: 00:00:58

Health: -6/18      AC:  3    Str: 12    XL:     1   Next: 0%
Magic:  2/2        EV: 11    Int: 13    God:    Lugonu [*.....]
Gold:   44         SH:  0    Dex: 12    Spells: 0/0 levels left

rFire    . . .     SeeInvis .   a - +1 falchion
rCold    . . .     Faith    .   (no shield)
rNeg     . . .     Spirit   .   b - +0 leather armour
rPois    .         Reflect  .   (no helmet)
rElec    .         Harm     .   (no cloak)
rCorr    .         Rampage  .   (no gloves)
Will     .....                  (no boots)
Stlth    +.........             (no amulet)
HPRegen  0.06/turn              (no ring)
MPRegen  0.08/turn              (no ring)

@: no status effects
A: no striking features
a: Renounce Religion, Depart the Abyss


You were on level 1 of the Abyss.
You worshipped Lugonu.
Lugonu was aware of your devotion.
You visited 0 branches of the dungeon, and saw 0 of its levels.
You visited the Abyss 1 time.

You collected 44 gold pieces.

Inventory:

Hand Weapons
 a - a +1 falchion (weapon)
Armour
 b - a +0 leather armour (worn)
Scrolls
 c - 2 scrolls of identify


   Skills:
 + Level 3.0 Fighting
 + Level 1.7 Long Blades
 + Level 1.7 Armour
 + Level 0.8 Dodging
 + Level 2.4 Invocations


You couldn't memorise any spells.
You didn't know any spells.
Your spell library was empty.

Dungeon Overview and Level Annotations

Branches:
Dungeon (0/15)

Altars:


Message History

Found 8 gold pieces.
You now have 8 gold pieces.
Found 6 gold pieces.
Found 14 gold pieces and 3 scrolls labelled JEITISH JAPI.
Found a corrupted altar of Lugonu.
You now have 14 gold pieces (gained 6).
You now have 28 gold pieces (gained 14).
c - 3 scrolls labelled JEITISH JAPI The will-o-the-wisp gives a chilling moan.
The will-o-the-wisp gestures.
The will-o-the-wisp conjures some foxfire!
A foxfire comes into view.
The will-o-the-wisp blinks!
As you read the scroll labelled JEITISH JAPI, it crumbles to dust.
It is a scroll of identify.
You don't have any unidentified items.
The will-o-the-wisp blinks!
Found 16 gold pieces.
You now have 44 gold pieces (gained 16).
The will-o-the-wisp gestures.
The will-o-the-wisp conjures some foxfire!
You barely miss the will-o-the-wisp. The will-o-the-wisp misses you.
You riposte.
You hit the will-o-the-wisp.
The will-o-the-wisp is lightly damaged.
You hit the will-o-the-wisp but do no damage.
The will-o-the-wisp is lightly damaged.
The will-o-the-wisp gestures.
The will-o-the-wisp conjures some foxfire!
The will-o-the-wisp gestures.
The will-o-the-wisp conjures some foxfire! 3 foxfires come into view.
You closely miss the will-o-the-wisp.
The will-o-the-wisp is lightly damaged.
The foxfire dissipates!
The will-o-the-wisp gestures.
The will-o-the-wisp conjures some foxfire! 2 foxfires come into view.
The foxfire hits you!!
Ouch! That really hurt!
You die...

# . # .. ### . .
.... ##..#. # .
#.#.####.. .# # #
#.#...#.##..# #..
..###.#...# # .#
..... ##..... ..#
### ##
.#........#.##...#
. ###....###.##v§#
#. ##.#..
.#.###@v#§...# ..
# #.#...#
#..#.§### # .#
#v## #...#..## #
..# ##.#.#
#.##..#. . #.#.#.
# #.## #. . .#.#
## #. #. ..#. . .
#. #..# . ## .


You could see a will-o-the-wisp.

Vanquished Creatures (others)
  6 foxfires (Abyss:1)
  4 tentacles (Abyss:1)
10 creatures vanquished.

Notes
Turn   | Place    | Note
-------+----------+-------------------------------------------
     0 | Abyss:1  | thirtiethelement the Demonspawn Abyssal Knight began the
                  | quest for the Orb.
     0 | Abyss:1  | Reached XP level 1. HP: 18/18 MP: 2/2
     5 | Abyss:1  | Noticed a kraken
    17 | Abyss:1  | Found a corrupted altar of Lugonu.
    56 | Abyss:1  | Noticed a will-o-the-wisp
   102 | Abyss:1  | Killed from afar by a will-o-the-wisp

Illustrated notes

Levels and vault maps discovered:
Abyss:1:  base: Temple, base:
Temple

Action                   || total
-------------------------++-------
Melee: Falchion          ||     3
  Use: Scroll            ||     1
Dodge: Dodged            ||     1
       Rpst.: Falchion   ||     1
